 Dungeon Crawl Stone Soup version 0.31-a0-1237-gabc64e778c (webtiles) character file.

Game seed: 10592037453940901906

137241 gruber the Reanimator (level 16, -1/63 (123) HPs)
             Began as a Demonspawn Necromancer on Dec 13, 2023.
             Was the Champion of Vehumet.
             Slain by a demonic crawler (14 damage)
             ... on level 4 of the Spider Nest on Dec 15, 2023.
             The game lasted 01:18:04 (34615 turns).

gruber the Reanimator (Demonspawn Necromancer)     Turns: 34615, Time: 01:18:04

HP:   -1/63 (123)   AC: 17    Str: 10    XL:     16   Next: 68%
MP:   11/30         EV: 12    Int: 24    God:    Vehumet [******]
Gold: 2106          SH:  0    Dex: 15    Spells: 7/35 levels left

rFire   + + +        I - +3 trident (drain)
rCold   + . .        (no shield)
rNeg    . . .        R - +0 fire dragon scales
rPois   +            v - +0 helmet
rElec   +            c - +1 cloak {rPois}
rCorr   .            (no gloves)
SInv    .            r - +1 pair of boots
Will    +....        M - amulet of the acrobat Stlth
                     G - ring of Noseran {Wiz rElec rF+ rC+ Int+3}
HPRegen 0.30/turn    N - ring of protection from cold
MPRegen 0.22/turn

%: acrobat, wizardry (x1)
@: corroded, unable to call your familiar, studying Staves, very heavily drained
A: molten scales 2, foul stench 2, powered by death 2, demonic touch 2
a: Renounce Religion


You were on level 4 of the Spider Nest.
You worshipped Vehumet.
Vehumet was exalted by your worship.
You visited 5 branches of the dungeon, and saw 27 of its levels.
You also visited: Bailey and Ice Cave.

You collected 2905 gold pieces.
You spent 799 gold pieces at shops.

Inventory:

Hand Weapons
 I - a +3 trident of draining (weapon)
Missiles
 a - a throwing net
Armour
 c - a +1 cloak of poison resistance (worn)
 r - a +1 pair of boots (worn)
 v - a +0 helmet (worn)
 R - +0 fire dragon scales (worn)
Jewellery
 l - a ring of see invisible
 x - a +4 ring of slaying
 G - the ring of Noseran (left hand) {Wiz rElec rF+ rC+ Int+3}
   (You bought it in a shop on level 1 of the Orcish Mines)

   [ring of wizardry]

   Wiz:       It improves your spell success rate.
   Int+3:     It affects your intelligence (+3).
   rF+:       It protects you from fire.
   rC+:       It protects you from cold.
   rElec:     It insulates you from electricity.
 M - an amulet of the acrobat (around neck)
 N - a ring of protection from cold (right hand)
Wands
 p - a wand of digging (13)
 B - a wand of paralysis (5)
 F - a wand of mindburst (11)
 K - a wand of flame (9)
 U - a wand of iceblast (3)
 X - a wand of quicksilver (14)
 Y - a wand of polymorph (13)
Scrolls
 e - a scroll of amnesia {unknown}
 f - 7 scrolls of teleportation
 h - a scroll of torment {unknown}
 n - 5 scrolls of poison {unknown}
 q - 2 scrolls of noise {unknown}
 s - 4 scrolls of vulnerability {unknown}
 u - a scroll of immolation
 w - 3 scrolls of silence {unknown}
 y - 2 scrolls of enchant armour
 A - a scroll of fear
 D - 2 scrolls of identify
 E - 2 scrolls of acquirement {unknown}
 H - 3 scrolls of butterflies {unknown}
 L - 4 scrolls of revelation
 O - 2 scrolls of brand weapon
 S - a scroll of blinking
 V - a scroll of enchant weapon
 Z - 3 scrolls of fog
Potions
 b - 4 potions of magic
 d - 8 potions of curing
 g - 2 potions of cancellation
 i - 7 potions of heal wounds
 j - 2 potions of enlightenment
 k - 2 potions of brilliance
 m - a potion of resistance
 o - 4 potions of lignification
 t - 3 potions of attraction
 z - 3 potions of berserk rage
 C - 7 potions of mutation
 J - 4 potions of might
 P - 4 potions of invisibility
 Q - 6 potions of haste
Miscellaneous
 T - a condenser vane (inert)


   Skills:
 - Level 10.3 Fighting
 - Level 9.6 Polearms
 - Level 12.0 Armour
 * Level 10.7 Dodging
 - Level 1.7 Stealth
 - Level 10.4 Spellcasting
 - Level 6.0 Conjurations
 - Level 5.0 Summonings
 - Level 14.0 Necromancy
 - Level 8.1 Fire Magic
 - Level 5.0 Ice Magic
 - Level 5.2 Air Magic


You had 7 spell levels left.
You knew the following spells:

 Your Spells              Type           Power      Damage    Failure   Level
a - Necrotise             Necr           100%       1d9       1%          1
b - Vampiric Draining     Necr           68%        2d10      1%          3
c - Animate Dead          Necr           68%        N/A       1%          4
d - Call Canine Familiar  Summ           36%        N/A       4%          3
e - Summon Guardian Gole  Hex/Summ       24%        N/A       12%         3
f - Freezing Cloud        Conj/Ice/Air   19%        6-21      9%          5
g - Anguish               Hex/Necr       23%        N/A       6%          4
h - Fireball              Conj/Fire      23%        3d11      4%          5

Your spell library contained the following spells:

 Spells                   Type           Power      Damage    Failure   Level
 Ignition                 Fire           25%        3d9       98%         8
 Lehudib's Crystal Spear  Conj/Erth      13%        10d4      99%         8
 Polar Vortex             Ice            18%        12d2*     99%         9
 Summon Small Mammal      Summ           100%       N/A       1%          1
 Momentum Strike          Conj/Tloc      52%        3d9       1%          2
 Volatile Blastmotes      Fire/Tloc      64%        2d15      1%          3
 Agony                    Necr           68%        N/A       1%          5
 Dazzling Flash           Conj/Hex       52%        N/A       3%          3
 Swiftness                Air            37%        N/A       4%          3
 Ensorcelled Hibernation  Hex/Ice        48%        N/A       6%          2
 Iskenderun's Battlesphe  Conj           41%        2d9       7%          5
 Blink                    Tloc           24%        N/A       17%         2
 Lesser Beckoning         Tloc           24%        N/A       17%         2
 Passwall                 Tmut/Erth      10%        N/A       17%         2
 Starburst                Conj/Fire      23%        6d8       22%         6
 Tukima's Dance           Hex            12%        N/A       32%         3
 Yara's Violent Unravell  Hex/Tmut       6%         3d5       52%         5
 Bombard                  Conj/Erth      13%        9d3       67%         6
 Cause Fear               Hex            6%         N/A       71%         4
 Passage of Golubria      Tloc           12%        N/A       71%         4
 Petrify                  Tmut/Erth      12%        N/A       71%         4
 Spellforged Servitor     Conj/Summ      19%        N/A       86%         7
 Enfeeble                 Hex            6%         N/A       100%        7
 Maxwell's Capacitive Co  Air            18%        ∞         99%         8
 Chain Lightning          Conj/Air       19%        3d26      99%         9


Dungeon Overview and Level Annotations

Branches:
Dungeon (15/15)            Temple (1/1) D:4            Lair (5/5) D:11
 Shoals (0/4) Lair:2       Spider (4/4) Lair:3        Slime (0/5) Lair:4
    Orc (2/2) D:11            Elf (0/3) Orc:2        Vaults (0/5) D:13
 Depths (0/4) D:15         Bailey (visited)           IceCv (visited)

Altars:
Ashenzari
Cheibriados
Dithmenos
Fedhas
Gozag
Hepliaklqana
Kikubaaqudgha
Makhleb
Nemelex Xobeh
Okawaru
Qazlal
Ru
Sif Muna
Trog
Uskayaw
Vehumet
Wu Jian
Xom
Yredelemnul
Jiyva

Shops:
D:2 =   D:5 *   D:7 (   D:9 (   D:15 :   Orc:1 =   Orc:2 (??*

Portals:
Trove: D:11 (give +5 demon whip)

Annotations:
D:10 2 transporters, Vorhees's ghost, novice OpFE


Innate Abilities, Weirdness & Mutations

You are mostly covered in molten scales. (AC +3)
You sometimes emit foul miasma when damaged in melee.
You regenerate health from kills.
Your touch may inflict irresistible damage on your foes.


Message History

Louise hits the demonic crawler but does no damage.
Unknown command.
Unknown command.
Unknown command.
Casting: Anguish (dangerous; 6% risk of failure)
Confirm with . or Enter, or press ? or * to list all spells.
Casting: Anguish (dangerous; 6% risk of failure)
Press: ? - help, Dir - look around, f - activate The demonic crawler is haunted by guilt!
Unknown command.
Unknown command.
Unknown command.
You are too injured to fight recklessly!
Unknown command.
You are too injured to fight recklessly!
Unknown command.
You hit the demonic crawler but do no damage.
The demonic crawler is lightly wounded.
You are no longer corroded.
The entropy weaver casts a spell at you.
The entropic weave corrodes you!
The demonic crawler hits you but does no damage.
The demonic crawler closely misses you. The demonic crawler hits you!
* * * LOW HITPOINT WARNING * * *
The demonic crawler is wracked by anguish!
Unknown command.
You completely miss the demonic crawler.
Your touch misses the demonic crawler.
The demonic crawler is moderately wounded.
The demonic crawler hits you.
* * * LOW HITPOINT WARNING * * *
The demonic crawler is wracked by anguish.
The demonic crawler closely misses you. The demonic crawler misses you.
Your guardian golem overheats!
Louise hits the demonic crawler but does no damage.
Unknown command.
You hit the demonic crawler.
The demonic crawler is moderately wounded.
The demonic crawler hits you!
You die...

.~#.#.. .).s...
s..s... #### ?......
#..# ....... ###..##
$......
#....@######...^...
#..#..#s#§..........
# ###.##Z9..........
##..###.##.^..##..#
###.^.##.##..##^# #
## #.....#####†^.#.#
.## ##..##.#
#....#### ..##
#...[### #)......##
#..# ###....#
##.#..s..#


You could see a demonic crawler (ally target, anguished), a friendly guardian
golem (summoned, inner flame) and the friendly Louise the human zombie
(sheltered).

Vanquished Creatures
  Kirke (D:14)
  An emperor scorpion (Spider:1)
  2 ghost moths (Spider:2)
  2 broodmothers
  A spark wasp (Spider:2)
  4 entropy weavers (Spider:4)
  A vault guard (D:13)
  An ogre mage (D:11)
  A jorogumo (Spider:1)
  4 hydras
  A merfolk avatar (Lair:5)
  5 centaur warriors
  2 two-headed ogres
  6 boulder beetles
  A death yak (Lair:4)
  2 orc high priests (Orc:2)
  A sun demon (D:9)
  A soul eater (D:9)
  3 skysharks
  A pharaoh ant (Spider:1)
  A sun moth (Spider:4)
  A glowing orange brain (D:13)
  An orb spider (Spider:2)
  2 steelbarb worms
  2 spriggan simulacra (IceCv)
  2 deep elf pyromancers (D:11)
  An ugly thing zombie (D:15)
  12 ugly things
  3 orc sorcerers (Orc:2)
  2 wolf spiders
  6 cyclopes
  A moth of wrath (Spider:2)
  4 manticores
  10 elephants
  A black mamba (Lair:5)
  6 slime creatures
  2 torpor snails
  A black mamba (shapeshifter) (D:13)
  Maggie (D:7)
  9 cane toads
  An unseen horror (D:12)
  A kobold demonologist (D:11)
  Jeremiah (D:7)
  2 efreet
  7 komodo dragons
  A rime drake (Lair:4)
  A tengu conjurer (D:14)
  A hornet (Lair:5)
  3 polar bears
  A hellwing (D:9)
  4 trolls
  Prince Ribbit (D:9)
  11 tarantellas
  A tarantella zombie (Spider:2)
  A snapping turtle (Lair:5)
  12 blink frogs
  10 jumping spiders
  11 culicivoras
  4 shadows
  A human (D:14)
  A wraith (D:6)
  5 wyverns
  2 hogs (D:14)
  38 yaks
  Grum (D:9)
  23 redbacks
  3 vampire mosquitoes
  4 steam dragons
  3 basilisks
  Menkaure (D:4)
  A minotaur simulacrum (IceCv)
  2 wargs
  3 acid dragons
  9 water moccasins
  Duvessa (D:4)
  21 orc warriors
  2 sky beasts
  9 ogres
  3 ice beasts
  6 wolves
  A phantom (D:6)
  10 centaurs
  2 kobold brigands
  Blork the orc (D:4)
  A komodo dragon zombie (Lair:5)
  9 bullfrogs
  2 gnoll sergeants
  A deep troll simulacrum (IceCv)
  2 scorpions
  3 wights
  Dowan (D:4)
  16 killer bees (Lair:3)
  2 electric eels
  6 howler monkeys
  A lava snake (D:9)
  4 hounds
  4 jellies
  20 orc priests
  Crazy Yiuf (D:7)
  A gnoll bouda (D:7)
  A sleepcap (D:7)
  An iguana (D:5)
  39 orc wizards
  3 hell rats
  2 killer bee zombies (Lair:3)
  A nameless horror (D:11)
  Robin (D:3)
  28 gnolls
  8 adders
  2 white imps
  An ufetubus (D:9)
  3 orc zombies (Orc:2)
  2 worms
  A dart slug (D:1)
  68 orcs
  6 ball pythons
  9 bats
  6 endoplasms
  6 giant cockroaches
  17 goblins
  11 hobgoblins
  2 jackals (D:1)
  11 kobolds
  2 quokkas
  3 frilled lizards
  6 rats
650 creatures vanquished.

Vanquished Creatures (collateral kills)
  A fire giant (D:15)
  Louise (Spider:4)
  An orc warlord (Orc:2)
  A broodmother (Spider:4)
  An entropy weaver (Spider:1)
  A jorogumo (Spider:4)
  A centaur warrior (D:15)
  3 boulder beetles
  2 two-headed ogres
  2 death yaks (Lair:4)
  A demonic crawler (Spider:3)
  Nergalle (Orc:1)
  Amaemon (Lair:2)
  4 orb spiders
  An orc knight (Orc:2)
  A steelbarb worm (Spider:1)
  4 wolf spiders
  3 ugly things
  A lindwurm (Lair:5)
  An orc sorcerer (Orc:2)
  A water nymph (Lair:2)
  8 elephants
  A torpor snail (Spider:3)
  An orange demon (Lair:2)
  A gargoyle (D:10)
  8 cane toads
  4 komodo dragons
  A merfolk (Lair:2)
  A polar bear (Lair:5)
  6 tarantellas
  2 snapping turtles (Lair:5)
  13 blink frogs
  A slime creature (D:15)
  2 culicivoras (Spider:3)
  6 jumping spiders
  3 spriggans (Bailey)
  2 wyverns (Lair:5)
  12 yaks
  A wraith (D:13)
  A hog (D:14)
  16 redbacks
  A steam dragon (Bailey)
  4 basilisks
  5 water moccasins
  An orc warrior (Orc:2)
  A black bear (Lair:1)
  6 wolves
  7 bullfrogs
  5 wights
  15 killer bees (Lair:3)
  An electric eel (Spider:1)
  2 howler monkeys
  A lava snake (D:9)
  A gnoll bouda (D:10)
  4 orc priests
  5 orc wizards
  5 hell rats
  3 gnolls
  A shadow imp (D:9)
  An orc zombie (Orc:2)
  11 orcs
  2 endoplasms
  3 kobolds (D:9)
  A ball python (D:1)
  A frilled lizard (D:3)
  A rat (D:1)
211 creatures vanquished.

Vanquished Creatures (others)
  2 emperor scorpions (Spider:4)
  A radroach (Spider:4)
  2 demonic crawlers
  A death yak (Lair:4)
  A spark wasp zombie (Spider:2)
  7 spriggan simulacra (IceCv)
  A harpy (Lair:5)
  A broodmother zombie (Spider:4)
  A wolf spider zombie (Spider:4)
  6 ugly thing zombies
  2 orb spider zombies
  3 ice devils (IceCv)
  11 redback zombies
  An anaconda simulacrum (IceCv)
  2 freezing wraiths (IceCv)
  A harpy zombie (Lair:5)
  2 trolls
  An alligator simulacrum (IceCv)
  A moth of wrath zombie (Spider:2)
  A tarantella (Spider:4)
  5 tarantella zombies
  A blink frog (Lair:3)
  A boulder beetle zombie (Spider:4)
  6 jumping spider zombies
  2 culicivora zombies
  A slime creature (D:13)
  2 culicivoras (Spider:4)
  A black mamba zombie (Lair:5)
  4 yaks
  7 minotaur simulacra (IceCv)
  2 redbacks (Lair:3)
  3 vampire mosquitoes (D:11)
  A water nymph zombie (Lair:2)
  An entropy weaver zombie (Spider:4)
  A merfolk zombie (Lair:2)
  A skyshark zombie (Lair:5)
  2 cane toad zombies (Lair:5)
  2 orc warriors
  A manticore zombie (D:13)
  5 elephant zombies
  A human zombie (D:9)
  2 humans
  A wolf (Lair:5)
  5 blink frog zombies
  2 vampire mosquito zombies (D:11)
  A wyvern zombie (Lair:5)
  4 deep troll simulacra (IceCv)
  A warg zombie (Orc:1)
  3 water moccasin zombies
  21 yak zombies
  A spriggan zombie (Bailey)
  2 troll zombies (Orc:1)
  A killer bee (Lair:3)
  A lindwurm simulacrum (IceCv)
  3 wolf zombies (D:9)
  A bullfrog zombie (Lair:2)
  6 orc wizards
  4 killer bee zombies (Lair:3)
  6 kobold zombies
  An acid dragon zombie (D:11)
  A hound zombie (D:7)
  A hell rat zombie (Lair:3)
  4 howler monkey zombies
  A steam dragon zombie (D:9)
  4 orcs
  8 gnoll zombies
  A kobold (D:9)
  50 orc zombies
234 creatures vanquished.

Grand Total: 1095 creatures vanquished

Notes
Turn   | Place    | Note
-------+----------+-------------------------------------------
     0 | D:1      | gruber the Demonspawn Necromancer began the quest for the
                  | Orb.
     0 | D:1      | Reached XP level 1. HP: 13/13 MP: 3/3
    90 | D:1      | Gained mutation: You may rarely emit foul miasma when
                  | damaged in melee. [demonic ancestry]
    90 | D:1      | Reached XP level 2. HP: 8/19 MP: 1/5
   191 | D:1      | Reached skill level 5 in Necromancy
   710 | D:1      | Reached XP level 3. HP: 24/24 MP: 6/6
   887 | D:1      | Found a faded altar of an unknown god.
  1186 | D:2      | Learned a level 3 spell: Vampiric Draining
  1237 | D:2      | Found Mioteeps's Jewellery Boutique.
  1891 | D:3      | Reached skill level 6 in Necromancy
  1939 | D:3      | Reached XP level 4. HP: 30/30 MP: 7/7
  2461 | D:3      | Reached skill level 7 in Necromancy
  2461 | D:3      | Reached XP level 5. HP: 35/35 MP: 8/8
  2606 | D:3      | Noticed Robin
  3214 | D:3      | Killed Robin
  3444 | D:4      | Reached skill level 1 in Fighting
  3538 | D:4      | Noticed Blork the orc
  3546 | D:4      | Killed Blork the orc
  3547 | D:4      | Gained mutation: You regenerate a little health from kills.
                  | [demonic ancestry]
  3547 | D:4      | Reached XP level 6. HP: 40/46 MP: 9/9
  3608 | D:4      | Noticed Menkaure
  3755 | D:4      | Found a staircase to the Ecumenical Temple.
  3965 | Temple   | Entered the Ecumenical Temple
  3978 | Temple   | Became a worshipper of Vehumet
  4182 | D:4      | Noticed Dowan
  4183 | D:4      | Noticed Duvessa
  4234 | D:4      | Killed Duvessa
  4235 | D:4      | Killed Dowan
  4236 | D:4      | Gained mutation: You sometimes emit foul miasma when
                  | damaged in melee. [demonic ancestry]
  4236 | D:4      | Reached XP level 7. HP: 18/55 MP: 3/10
  4553 | D:4      | Killed Menkaure
  4554 | D:4      | Reached skill level 5 in Fighting
  4783 | D:5      | Entered Level 5 of the Dungeon
  5087 | D:5      | Found Veunwol's General Store.
  5099 | D:5      | Reached XP level 8. HP: 62/63 MP: 15/15
  5123 | D:5      | Reached skill level 5 in Spellcasting
  5296 | D:5      | Learned a level 4 spell: Animate Dead
  5320 | D:5      | You fall into a shaft and drop 3 floors!
  5711 | D:8      | Reached skill level 8 in Necromancy
  5718 | D:8      | Found a shadowy altar of Dithmenos.
  5800 | D:8      | Reached * piety under Vehumet
  5800 | D:8      | Offered knowledge of Shock by Vehumet.
  5899 | D:8      | Reached skill level 9 in Necromancy
  6046 | D:7      | Found Cythei's Weapon Shop.
  6064 | D:7      | Gained mutation: You are partially covered in molten
                  | scales. (AC +2) [demonic ancestry]
  6064 | D:7      | Reached XP level 9. HP: 63/68 MP: 17/18
  6437 | D:7      | Noticed Maggie
  6446 | D:7      | Killed Maggie
  6447 | D:7      | Reached skill level 10 in Necromancy
  6553 | D:7      | Noticed Jeremiah
  7284 | D:5      | Learned a level 3 spell: Call Canine Familiar
  7296 | D:6      | Reached skill level 1 in Summonings
  7739 | D:6      | Reached ** piety under Vehumet
  7739 | D:6      | Offered knowledge of Magic Dart by Vehumet.
  8033 | D:6      | Reached skill level 5 in Summonings
  9033 | D:7      | Noticed a cyclops
  9059 | D:7      | Killed a cyclops
  9060 | D:7      | Gained mutation: You regenerate health from kills. [demonic
                  | ancestry]
  9060 | D:7      | Reached XP level 10. HP: 68/75 MP: 8/19
  9213 | D:7      | Killed Jeremiah
  9310 | D:7      | Reached skill level 5 in Dodging
  9427 | D:7      | Found a runed translucent door.
  9428 | D:7      | Noticed Crazy Yiuf
  9439 | D:7      | Killed Crazy Yiuf
  9607 | D:8      | Reached skill level 1 in Armour
 10258 | D:9      | Found Vuodghoy's Antique Weapon Boutique.
 10497 | D:9      | Noticed Grum
 10523 | D:9      | Reached skill level 1 in Polearms
 10549 | D:9      | Killed Grum
 10647 | D:9      | Noticed a soul eater
 10897 | D:9      | Offered knowledge of Momentum Strike by Vehumet.
 11056 | D:9      | Noticed Prince Ribbit
 11074 | D:9      | Killed Prince Ribbit
 11161 | D:9      | Reached *** piety under Vehumet
 11250 | D:9      | Noticed a sun demon
 11260 | D:9      | Your ally Prince Ribbit died
 11282 | D:10     | Entered Level 10 of the Dungeon
 11360 | D:10     | Noticed Vorhees's ghost (novice OpFE)
 11369 | D:10     | Found a transporter.
 11461 | D:10     | Offered knowledge of Inner Flame by Vehumet.
 11462 | D:10     | Reached skill level 5 in Polearms
 11511 | D:10     | Found a flagged portal.
 11541 | Bailey   | Entered a bailey
 11607 | Bailey   | Noticed a two-headed ogre
 11691 | Bailey   | Killed a two-headed ogre
 11695 | Bailey   | Reached XP level 11. HP: 69/80 MP: 20/20
 11967 | D:10     | Reached **** piety under Vehumet
 12218 | D:10     | Found a transporter.
 12654 | D:11     | Learned a level 3 spell: Summon Guardian Golem
 12928 | D:11     | Noticed a deep elf pyromancer
 12945 | D:11     | Noticed a deep elf pyromancer
 12950 | D:11     | Killed a deep elf pyromancer
 12950 | D:11     | Offered knowledge of Dazzling Flash by Vehumet.
 12957 | D:11     | HP: 3/80 [fire elemental[a deep elf pyromancer] (11)]
 12958 | D:11     | Killed a deep elf pyromancer
 13131 | D:11     | Found a staircase to the Lair.
 13166 | D:11     | Got the Spellbook of the Ironbound Sky
 13182 | D:11     | Learned a level 5 spell: Freezing Cloud
 13231 | D:11     | Found a portal to a secret trove of treasure.
 13356 | D:11     | Reached skill level 1 in Conjurations
 13356 | D:11     | Reached skill level 1 in Air Magic
 13369 | D:11     | Reached skill level 1 in Ice Magic
 13426 | D:11     | Found a staircase to the Orcish Mines.
 13458 | D:11     | Noticed a centaur warrior
 13461 | D:11     | Noticed an ogre mage
 13468 | D:11     | Killed a centaur warrior
 13477 | D:11     | Killed an ogre mage
 13732 | D:11     | Noticed a two-headed ogre
 13743 | D:11     | Killed a two-headed ogre
 13851 | Lair:1   | Entered Level 1 of the Lair of Beasts
 13897 | Lair:1   | Gained mutation: Your touch may inflict minor irresistible
                  | damage on your foes. [demonic ancestry]
 13897 | Lair:1   | Reached XP level 12. HP: 86/86 MP: 17/21
 14314 | Lair:1   | Reached ***** piety under Vehumet
 14315 | Lair:1   | Reached skill level 5 in Ice Magic
 14467 | Lair:1   | Reached skill level 5 in Air Magic
 14556 | Lair:1   | Noticed a boulder beetle
 14581 | Lair:1   | Killed a boulder beetle
 14631 | Lair:1   | Offered knowledge of Airstrike by Vehumet.
 15239 | Lair:2   | Noticed Amaemon
 15253 | Lair:2   | Killed Amaemon
 15271 | Lair:2   | Reached skill level 5 in Armour
 16234 | Lair:2   | Learned a level 4 spell: Anguish
 16265 | Lair:3   | Reached skill level 11 in Necromancy
 16318 | Lair:3   | Noticed a six-headed hydra
 16329 | Lair:3   | Killed a six-headed hydra
 16395 | Lair:3   | Reached skill level 12 in Necromancy
 16503 | Lair:3   | Reached XP level 13. HP: 79/92 MP: 8/22
 16638 | Lair:3   | Found a hole to the Spider Nest.
 16676 | Lair:3   | Reached skill level 13 in Necromancy
 17016 | Lair:3   | Reached skill level 14 in Necromancy
 17332 | Lair:4   | Found a viscous altar of Jiyva.
 17433 | Lair:4   | Offered knowledge of Fulminant Prism by Vehumet.
 17572 | Lair:4   | Identified the +7 chain mail "Luin" {Dex+4}
 18029 | Lair:4   | Found a staircase to the Slime Pits.
 18259 | Lair:5   | Entered Level 5 of the Lair of Beasts
 18631 | Lair:5   | Reached XP level 14. HP: 90/98 MP: 23/23
 18634 | Lair:5   | Reached skill level 10 in Armour
 18928 | Lair:5   | Offered knowledge of Iskenderun's Battlesphere by Vehumet.
 19311 | Lair:5   | Identified the +7 scimitar of Hiasch {drain, rN+ Dex+2}
 19330 | Lair:5   | Identified the +4 rapier of Jaotuico {freeze, Will++ Str-2
                  | Dex+3 Stlth+}
 20074 | D:9      | Found an ancient bone altar of Kikubaaqudgha.
 20823 | Orc:1    | Entered Level 1 of the Orcish Mines
 20977 | Orc:1    | Noticed Nergalle
 21202 | Orc:1    | Killed Nergalle
 21444 | Orc:1    | Found Joumilia's Jewellery Shop.
 21458 | Orc:1    | Bought the ring of Noseran {Wiz rElec rF+ rC+ Int+3} for
                  | 707 gold pieces
 21498 | Orc:2    | Entered Level 2 of the Orcish Mines
 21909 | Orc:2    | Found Uriddet's General Store.
 21909 | Orc:2    | Found Tuazi's Magic Scroll Shoppe.
 21910 | Orc:2    | Found Luocsi's Antique Weapon Emporium.
 21914 | Orc:2    | Found Vesupp's Magic Scroll Emporium.
 21917 | Orc:2    | Bought a scroll of identify for 28 gold pieces
 21919 | Orc:2    | Bought a scroll of identify for 32 gold pieces
 21919 | Orc:2    | Bought a scroll of identify for 32 gold pieces
 21960 | Orc:2    | Noticed an orc warlord
 21991 | Orc:2    | Killed an orc warlord
 22038 | Orc:2    | Offered knowledge of Spellforged Servitor by Vehumet.
 22320 | Orc:2    | Reached skill level 10 in Spellcasting
 22437 | Orc:2    | Found a staircase to the Elven Halls.
 22565 | Orc:2    | Upgraded the game from 0.31-a0-1206-g41278d8d1d to
                  | 0.31-a0-1225-g50297eb6a4
 23638 | D:13     | Gained mutation: Your touch may inflict irresistible damage
                  | on your foes. [demonic ancestry]
 23638 | D:13     | Reached XP level 15. HP: 105/105 MP: 25/29
 23847 | D:13     | Found a gate to the Vaults.
 24576 | D:14     | Found a frozen archway.
 24864 | D:14     | Reached ****** piety under Vehumet
 24866 | D:14     | Offered knowledge of Fireball by Vehumet.
 24962 | D:14     | Identified the +10 short sword of the Original Sin {heavy,
                  | Int+3 Dex+3}
 24995 | IceCv    | Entered an ice cave
 25864 | IceCv    | Reached skill level 10 in Fighting
 26689 | IceCv    | Learned a level 5 spell: Fireball
 27173 | D:14     | Reached skill level 1 in Fire Magic
 27670 | D:14     | Killed Kirke
 28044 | D:15     | Entered Level 15 of the Dungeon
 28050 | D:15     | Found Woek's Book Shop.
 28246 | D:15     | Found a staircase to the Depths.
 28246 | D:15     | Noticed a fire giant
 28468 | D:15     | Killed a fire giant
 28470 | D:15     | Found a shimmering altar of Xom.
 28832 | D:15     | Reached skill level 5 in Fire Magic
 29387 | Spider:1 | Entered Level 1 of the Spider Nest
 29418 | Spider:1 | Offered knowledge of Arcjolt by Vehumet.
 30122 | Spider:1 | Noticed an emperor scorpion
 30133 | Spider:1 | Killed an emperor scorpion
 30194 | Spider:1 | Gained mutation: You are mostly covered in molten scales.
                  | (AC +3) [demonic ancestry]
 30194 | Spider:1 | Reached XP level 16. HP: 120/123 MP: 22/30
 30662 | Spider:2 | You fall into a shaft and drop 1 floor!
 30820 | Spider:2 | Reached skill level 5 in Conjurations
 30939 | Spider:2 | Offered knowledge of Eringya's Noxious Bog by Vehumet.
 31102 | Spider:2 | Upgraded the game from 0.31-a0-1225-g50297eb6a4 to
                  | 0.31-a0-1237-gabc64e778c
 32650 | Spider:4 | Entered Level 4 of the Spider Nest
 33984 | Spider:4 | Reached skill level 10 in Dodging
 34405 | Spider:4 | Noticed Louise
 34432 | Spider:4 | Offered knowledge of Lehudib's Crystal Spear by Vehumet.
 34432 | Spider:4 | Offered knowledge of Polar Vortex by Vehumet.
 34432 | Spider:4 | Offered knowledge of Ignition by Vehumet.
 34452 | Spider:4 | Killed Louise
 34615 | Spider:4 | Slain by a demonic crawler

Illustrated notes

Levels and vault maps discovered:
D:1:      roderic_crop_circles_arrival_small, layout_loops_ring,
          hellmonk_ecumenical_altar_run_dry, minmay_unequal
D:2:      layout_basic, serial_shops, nicolae_shop_tiny_real_fake_doors,
          bh_walls_and_bars
D:3:      layout_loops_ring, palyth_stone_intersect, nrook_loot_triangle,
          minmay_quadrilaterals, uniq_robin
D:4:      layout_cave_pods, minmay_temple_entry_junction, st_stairs_6,
          chequers_mini_garden, uniq_duvessa, uniq_blork_the_orc, uniq_menkaure
D:5:      layout_rooms, serial_shops, nicolae_shop_tiny_statue_garden
D:6:      layout_layer_cave, grunt_ministairs_12, minmay_misc_feat_alley
D:7:      layout_loops_ring, serial_shops, shop, st_stairs_2, uniq_maggie,
          uniq_jeremiah, uniq_crazy_yiuf_cottage
D:8:      layout_basic, mainiacjoe_overflow_concentric_impassable
D:9:      layout_basic, kennysheep_mini_moat, tgw_kikubaaqudgha,
          nicolae_inconvenience_store, nicolae_demonic_statue_gallery,
          uniq_prince_ribbit1, uniq_grum
D:10:     layout_roguey, enter_bailey_5, gammafunk_ghost_stat_death,
          minmay_misc_feat_encased
D:11:     layout_roguey, lair_entry_dummy, david_orc_2,
          nicolae_trove_entry_free_sample, serial_library,
          serial_library_hellmonk_junction, serial_library_hellmonk_open_cross,
          serial_library_regret_index_double_sided,
          serial_library_hellmonk_double_dead_end,
          serial_library_hellmonk_open_square,
          serial_library_regret_index_split_case,
          serial_library_hellmonk_angled_corner,
          serial_library_hellmonk_hallway_a, serial_library_hellmonk_metal_room,
          serial_library_hellmonk_small_corner,
          serial_library_hellmonk_open_square, minivault_20
D:12:     layout_irregular_city
D:13:     layout_irregular_city, hellmonk_vaults_order_and_chaos
D:14:     layout_layer_cave, serial_library_hellmonk_open_square,
          portal_ice_cave_entry_ugly_swarm, nicolae_titane, uniq_kirke
D:15:     grunt_enter_depths_giant_problem, layout_irregular_city, serial_shops,
          shop, xom_teletrap_fun, tso_metal_star
Temple:   compressed_dpeg_triangle_lava_temple
Lair:1:   layout_concentric_octagons, chequers_serial_rivers_micro_a,
          grunt_megastairs_3
Lair:2:   layout_cave_pods, nicolae_shoals_entry_flooding, grunt_megastairs_1,
          infiniplex_staircase_pool_2, lemuel_fruit_tree, uniq_amaemon
Lair:3:   wad_woods_minihive, layout_misc_corridors, spider_nest_entry_a
Lair:4:   layout_gridlike, slime_entry_2
Lair:5:   gammafunk_lair_ancient_temple, layout_regular_city
Spider:1: layout_spider_delve, hangedman_spider_tarantella_strand
Spider:2: layout_chambers
Spider:3: layout_spider_delve
Spider:4: hellmonk_spider_rune_endless_swarm, uniq_louise, uniq_arachne,
          uniq_mara
Orc:1:    layout_caves, serial_shops, shop, uniq_nergalle
Orc:2:    st_orc_mages, layout_caves

Skill      XL: |  1  2  3  4  5  6  7  8  9 10 11 12 13 14 15 16 |
---------------+-------------------------------------------------+-----
Necromancy     | 5 6 7 9 10 12 14 | 14.0
Fighting       | 2 4 5 10 | 10.3
Spellcasting   | 4 6 10 | 10.4
Summonings     | 5 |  5.0
Dodging        | 4 5 7 10 | 10.7
Armour         | 2 5 9 12 | 12.0
Polearms       | 7 9 |  9.6
Conjurations   | 4 6 |  6.0
Air Magic      | 3 5 |  5.2
Ice Magic      | 3 5 |  5.0
Fire Magic     | 7 8 |  8.1
Stealth        | |  1.7

Action                     |  1- 3 |  4- 6 |  7- 9 | 10-12 | 13-15 | 16-18 || total
---------------------------+-------+-------+-------+-------+-------+-------++-------
  Melee: Unarmed           |    20 |       |       |       |       |       ||    20
         Punch             |     1 |       |       |     1 |     6 |     1 ||     9
         Short sword       |       |     4 |    55 |       |       |       ||    59
         Mace              |       |       |    55 |       |       |       ||    55
         Trident           |       |       |       |   550 |   875 |   236 ||  1661
         Touch             |       |       |       |    28 |   143 |    38 ||   209
   Cast: Necrotise         |    74 |   146 |   215 |    31 |     6 |       ||   472
         Vampiric Draining |       |     1 |    18 |    35 |    65 |    20 ||   139
         Animate Dead      |       |       |    11 |    18 |    32 |    15 ||    76
         Call Canine Famil |       |       |    14 |    49 |    25 |    19 ||   107
         Summon Guardian G |       |       |       |    17 |    76 |    12 ||   105
         Freezing Cloud    |       |       |       |     6 |    87 |    26 ||   119
         Anguish           |       |       |       |       |     9 |    18 ||    27
         Fireball          |       |       |       |       |     1 |     1 ||     2
  Evoke: Wand              |       |       |     1 |     4 |       |     2 ||     7
         Condenser vane    |       |       |       |       |     1 |     1 ||     2
    Use: Potion            |       |       |     1 |       |       |       ||     1
         Scroll            |       |       |     1 |     8 |    13 |     1 ||    23
   Stab: Distracted        |       |       |       |     7 |    15 |     5 ||    27
         Sleeping          |       |       |       |     1 |       |       ||     1
 Armour: Robe              |    21 |    45 |   101 |       |       |       ||   167
         Steam dragon scal |       |       |    75 |   287 |   369 |       ||   731
         Fire dragon scale |       |       |       |       |   234 |   304 ||   538
  Dodge: Dodged            |    26 |    32 |   129 |   337 |   544 |   146 ||  1214

Table legend: (Time is in decaauts)
 A = Elapsed time spent in this place.
 B = Non-inter-level travel time spent in this place.
 C = Inter-level travel time spent in this place.
 D = Time resting spent in this place.
 E = Time spent auto-exploring this place.
 F = Levels seen in this place.
 G = Mean time per level.
                   A        B        C        D        E       F      G
               +--------+--------+--------+--------+--------+-----+--------+
         Total |  34431 |  32727 |   1704 |   2704 |  23233 |  29 | 1187.3 |
       Dungeon |  19383 |  18257 |   1126 |   1208 |  13779 |  15 | 1292.2 |
        Temple |     26 |     13 |     13 |      0 |      0 |   1 |   26.0 |
          Lair |   5840 |   5502 |    338 |    160 |   4042 |   5 | 1168.0 |
   Spider Nest |   5176 |   5059 |    117 |    412 |   3740 |   4 | 1294.0 |
  Orcish Mines |   1636 |   1529 |    107 |      0 |    927 |   2 |  818.0 |
        Bailey |    275 |    275 |      0 |      0 |    100 |   1 |  275.0 |
      Ice Cave |   2092 |   2092 |      0 |    924 |    644 |   1 | 2092.0 |
               +--------+--------+--------+--------+--------+-----+--------+

Top non-repeatable levels by time:
   IceCv: 2092 daAuts
     D:9: 2055 daAuts
     D:6: 1960 daAuts
Spider:4: 1826 daAuts
Spider:2: 1619 daAuts
     D:3: 1568 daAuts
    D:11: 1484 daAuts
     D:7: 1425 daAuts
     D:4: 1391 daAuts
    D:14: 1342 daAuts
  Lair:4: 1332 daAuts
  Lair:2: 1307 daAuts
    D:15: 1220 daAuts
    D:13: 1143 daAuts
  Lair:1: 1140 daAuts
